BSA
MADISON BOMBERS @ GREENVILLE 84S
10/05/2025
 
TOP OF THE 1ST
Madison Bombers batting - Pitching for Greenville 84s : LHP Darrell Harding
Pitching: LHP Darrell Harding
Batting: LHB Robin Hill 0-0: Ball
1-0: Ball
2-0: Ball
3-0: Called Strike
3-1: Fly out, F8 (Flyball, 8LD)
Batting: RHB Vicente Aguirre 0-0: Swinging Strike
0-1: Swinging Strike
0-2: Ball
1-2: Strikes out looking
Batting: RHB Sergio Márquez 0-0: Ball
1-0: Called Strike
1-1: Swinging Strike
1-2: Ball
2-2: Ball
3-2: Foul Ball, location: 2F
3-2: Ground out 5-3 (Groundball, 56)
Top of the 1st over - 0 run(s), 0 hit(s), 0 error(s), 0 left on base; Madison 0 - Greenville 0
BOTTOM OF THE 1ST
Greenville 84s batting - Pitching for Madison Bombers : RHP Manny Canseco
Pitching: RHP Manny Canseco
Batting: LHB Mario Cornelo 0-0: Called Strike
0-1: Ball
1-1: Foul Ball, location: 2F
1-2: Ground out 6-3 (Groundball, 6)
Batting: LHB George Wood 0-0: Foul Ball, location: 2F
0-1: Ground out 4-3 (Groundball, 4M)
Batting: LHB Jimmy Vickers 0-0: Foul Ball, location: 2F
0-1: Ball
1-1: Swinging Strike
1-2: Foul Ball, location: 2F
1-2: Ball
2-2: Ground out 4-3 (Groundball, 4M)
Bottom of the 1st over - 0 run(s), 0 hit(s), 0 error(s), 0 left on base; Madison 0 - Greenville 0
TOP OF THE 2ND
Madison Bombers batting - Pitching for Greenville 84s : LHP Darrell Harding
Batting: LHB Sixto Cantú 0-0: Ball
1-0: Ball
2-0: Ball
3-0: Called Strike
3-1: Called Strike
3-2: Strikes out swinging
Batting: SHB Michael McDonald 0-0: Called Strike
0-1: Ball
1-1: Ball
2-1: Foul Ball, location: 2F
2-2: Ball
3-2: Foul Ball, location: 2F
3-2: Strikes out swinging
Batting: LHB José Santos 0-0: Called Strike
0-1: Foul Ball, location: 2F
0-2: Strikes out swinging
Top of the 2nd over - 0 run(s), 0 hit(s), 0 error(s), 0 left on base; Madison 0 - Greenville 0
BOTTOM OF THE 2ND
Greenville 84s batting - Pitching for Madison Bombers : RHP Manny Canseco
Batting: LHB José Costa 0-0: Ground out 4-3 (Groundball, 4)
Batting: LHB Brock Larsen 0-0: Ball
1-0: Ball
2-0: Ball
3-0: Called Strike
3-1: Foul Ball, location: 2F
3-2: Foul Ball, location: 2F
3-2: Foul Ball, location: 2F
3-2: Foul Ball, location: 2F
3-2: Base on Balls
Batting: LHB Vicente Bueno 0-0: Grounds into double play, 4-6-3 (Groundball, 34)
Bottom of the 2nd over - 0 run(s), 0 hit(s), 0 error(s), 0 left on base; Madison 0 - Greenville 0
TOP OF THE 3RD
Madison Bombers batting - Pitching for Greenville 84s : LHP Darrell Harding
Batting: SHB Jorge Flores 0-0: Foul Ball, location: 2F
0-1: Swinging Strike
0-2: Ball
1-2: Ball
2-2: Ball
3-2: Foul Ball, location: 2F
3-2: Base on Balls
Batting: RHB Pablo Gonzáles 0-0: Ball
1-0: Ball
2-0: Called Strike
2-1: Called Strike
2-2: Strikes out swinging
Jorge Flores steals 2nd base
Batter strikes out.
Batting: RHB Quinton Martínez 0-0: Ball
1-0: Ground out 6-3 (Groundball, 6)
Jorge Flores to third
Batting: LHB Robin Hill 0-0: Ball
1-0: Ball
2-0: Called Strike
2-1: Ball
3-1: Foul Ball, location: 2F
3-2: Foul Ball, location: 2F
3-2: Foul Ball, location: 2F
3-2: Fly out, F8 (Flyball, 8LD)
Top of the 3rd over - 0 run(s), 0 hit(s), 0 error(s), 1 left on base; Madison 0 - Greenville 0
BOTTOM OF THE 3RD
Greenville 84s batting - Pitching for Madison Bombers : RHP Manny Canseco
Batting: RHB Greg Handrahan 0-0: Ball
1-0: Ball
2-0: Foul Ball, location: 2F
2-1: Swinging Strike
2-2: Foul Ball, location: 2F
2-2: Ball
3-2: Base on Balls
Batting: RHB Felipe Rodríguez 0-0: Ball
1-0: Fly out, F9 (Flyball, 9S)
Batting: RHB Vic Langlois 0-0: Called Strike
0-1: Ball
1-1: Ball
2-1: Foul Ball, location: 2F
2-2: Ball
3-2: Foul Ball, location: 2F
3-2: Foul Ball, location: 2F
3-2: Fly out, F9 (Flyball, 89S)
Batting: LHB Mario Cornelo 0-0: Fly out, F8 (Flyball, 8LXD)
Bottom of the 3rd over - 0 run(s), 0 hit(s), 0 error(s), 1 left on base; Madison 0 - Greenville 0
TOP OF THE 4TH
Madison Bombers batting - Pitching for Greenville 84s : LHP Darrell Harding
Batting: RHB Vicente Aguirre 0-0: Ball
1-0: Ball
2-0: Ball
3-0: Called Strike
3-1: Foul Ball, location: 2F
3-2: Strikes out looking
Batting: RHB Sergio Márquez 0-0: Called Strike
0-1: Ball
1-1: Ball
2-1: Foul Ball, location: 2F
2-2: Ball
3-2: Base on Balls
Batting: LHB Sixto Cantú 0-0: Swinging Strike
0-1: Foul Ball, location: 2F
0-2: Ball
1-2: Hit by Pitch
Sergio Márquez to second
Batting: SHB Michael McDonald 0-0: Ball
1-0: Called Strike
1-1: Ball
2-1: Ball
3-1: Ground out 3-1 (Groundball, 34S)
Sergio Márquez to third
Sixto Cantú to second
Batting: LHB José Santos 0-0: SINGLE (Groundball, 5D)
Sergio Márquez scores
Sixto Cantú to third
Runner from 3rd tries for Home, SAFE, no throw or cutoff
Batting: SHB Jorge Flores 0-0: Ball
1-0: Called Strike
1-1: Ball
2-1: SINGLE (Flyball, 9LS)
José Santos to second
Runner from 2nd tries for 3rd, SAFE, no throw or cutoff
Batting: RHB Pablo Gonzáles Pickoff Throw to First - Out!
Top of the 4th over - 2 run(s), 2 hit(s), 0 error(s), 0 left on base; Madison 2 - Greenville 0
BOTTOM OF THE 4TH
Greenville 84s batting - Pitching for Madison Bombers : RHP Manny Canseco
Batting: LHB George Wood 0-0: Called Strike
0-1: Ball
1-1: Ball
2-1: Ground out 3-1 (Groundball, 34S)
Batting: LHB Jimmy Vickers 0-0: Ground out 6-3 (Groundball, 6)
Batting: LHB José Costa 0-0: Foul Ball, location: 2F
0-1: Fly out, F8 (Flyball, 8LM)
Bottom of the 4th over - 0 run(s), 0 hit(s), 0 error(s), 0 left on base; Madison 2 - Greenville 0
TOP OF THE 5TH
Madison Bombers batting - Pitching for Greenville 84s : LHP Darrell Harding
Batting: RHB Pablo Gonzáles 0-0: Ball
1-0: Called Strike
1-1: Foul Ball, location: 2F
1-2: Ball
2-2: Strikes out swinging
Pitching: RHP Dave Smith
Batting: RHB Quinton Martínez 0-0: Ball
1-0: Ball
2-0: Foul Ball, location: 2F
2-1: Ground out 1-3 (Groundball, 25)
Batting: LHB Robin Hill 0-0: Ball
1-0: Foul Ball, location: 2F
1-1: Ball
2-1: Ball
3-1: Ground out 1-3 (Groundball, 15)
Top of the 5th over - 0 run(s), 0 hit(s), 0 error(s), 0 left on base; Madison 2 - Greenville 0
BOTTOM OF THE 5TH
Greenville 84s batting - Pitching for Madison Bombers : RHP Manny Canseco
Batting: LHB Brock Larsen 0-0: Ball
1-0: Ball
2-0: Ball
3-0: Base on Balls
Batting: LHB Vicente Bueno 0-0: Ball
1-0: Ball
2-0: Fly out, F8 (Flyball, 8LM)
Batting: RHB Greg Handrahan 0-0: Ball
1-0: Foul Ball, location: 2F
1-1: Ball
2-1: Ball
3-1: Swinging Strike
3-2: Base on Balls
Brock Larsen to second
Pitching: RHP Gregg Lewis
Batting: RHB Felipe Rodríguez 0-0: Called Strike
0-1: Ball
Brock Larsen steals 3rd base
Greg Handrahan to second
1-1: Called Strike
1-2: Fly out, F4 (Popup, 8RS)
Batting: RHB Vic Langlois 0-0: Ball
1-0: Ball
2-0: Called Strike
2-1: Ball
3-1: Called Strike
3-2: Fly out, F3 (Popup, 3L)
Bottom of the 5th over - 0 run(s), 0 hit(s), 0 error(s), 2 left on base; Madison 2 - Greenville 0
TOP OF THE 6TH
Madison Bombers batting - Pitching for Greenville 84s : RHP Dave Smith
Batting: RHB Vicente Aguirre 0-0: Ball
1-0: Foul Ball, location: 2F
1-1: Fly out, F4 (Popup, 4D)
Batting: RHB Sergio Márquez 0-0: Ball
1-0: Fly out, F8 (Line Drive, 8LM)
Batting: LHB Sixto Cantú 0-0: Ball
1-0: Ball
2-0: Called Strike
2-1: Called Strike
2-2: Ball
3-2: Fly out, F8 (Flyball, 89D)
Top of the 6th over - 0 run(s), 0 hit(s), 0 error(s), 0 left on base; Madison 2 - Greenville 0
BOTTOM OF THE 6TH
Greenville 84s batting - Pitching for Madison Bombers : RHP Gregg Lewis
Batting: LHB Mario Cornelo 0-0: Called Strike
0-1: SINGLE (Line Drive, 4M)
Batting: LHB George Wood 0-0: Called Strike
0-1: Ball
Mario Cornelo is caught stealing 2nd base
1-1: Ball
2-1: Foul Ball, location: 2F
2-2: Foul Ball, location: 2F
2-2: Foul Ball, location: 2F
2-2: Foul Ball, location: 2F
2-2: Ball
3-2: SINGLE (Line Drive, 34D)
Batting: LHB Jimmy Vickers 0-0: Ball
1-0: Swinging Strike
1-1: 2-RUN HOME RUN (Line Drive, 89XD), Distance : 406 ft
Batting: LHB José Costa 0-0: Ball
1-0: Ball
2-0: Ball
3-0: Base on Balls
Batting: LHB Brock Larsen 0-0: Ball
1-0: Swinging Strike
1-1: Ball
José Costa steals 2nd base
2-1: Fly out, F7 (Flyball, 7D)
Runner from 2nd tags up, SAFE at 3rd, no throw
Batting: LHB Vicente Bueno 0-0: Foul Ball, location: 2F
0-1: Foul Ball, location: 2F
0-2: Fly out, F6 (Popup, 5D)
Bottom of the 6th over - 2 run(s), 3 hit(s), 0 error(s), 1 left on base; Madison 2 - Greenville 2
TOP OF THE 7TH
Madison Bombers batting - Pitching for Greenville 84s : RHP Dave Smith
Batting: SHB Michael McDonald 0-0: Ball
1-0: Foul Ball, location: 2F
1-1: Ball
2-1: SOLO HOME RUN (Flyball, 89XD), Distance : 386 ft
Batting: LHB José Santos 0-0: Ball
1-0: Called Strike
1-1: Ball
2-1: Ground out 6-3 (Groundball, 6)
Pitching: RHP Pierre Deschênes
Batting: SHB Jorge Flores 0-0: Called Strike
0-1: Foul Ball, location: 2F
0-2: Strikes out swinging
Batting: RHB Pablo Gonzáles 0-0: Called Strike
0-1: Ball
1-1: Foul Ball, location: 2F
1-2: Ball
2-2: Foul Ball, location: 2F
2-2: SINGLE (Line Drive, 78M)
Pinch Hitting: SHB Derek Roach 0-0: Ball
1-0: SINGLE (Line Drive, 5D)
Pablo Gonzáles to second
Batting: LHB Robin Hill 0-0: Swinging Strike
0-1: Foul Ball, location: 2F
0-2: Ball
1-2: Ball
2-2: Ball
3-2: Strikes out looking
Top of the 7th over - 1 run(s), 3 hit(s), 0 error(s), 2 left on base; Madison 3 - Greenville 2
BOTTOM OF THE 7TH
Greenville 84s batting - Pitching for Madison Bombers : RHP Gregg Lewis
Now at 2B: Greg King
Batting: RHB Greg Handrahan 0-0: Ball
1-0: Called Strike
1-1: Ball
2-1: Foul Ball, location: 2F
2-2: Fly out, F7 (Flyball, 7S)
Pitching: LHP Tim Wilson
Batting: RHB Felipe Rodríguez 0-0: Ball
1-0: Fly out, F4 (Popup, 4M)
Batting: RHB Vic Langlois 0-0: Called Strike
0-1: SINGLE (Groundball, 6MD)
Pinch Hitting: RHB Enzo Díaz Pickoff Throw to First - Error! E1
Vic Langlois to second
0-0: Ball
1-0: Ball
2-0: Ball
3-0: Base on Balls
Pinch Hitting: RHB Carlos Torres 0-0: Ball
1-0: Foul Ball, location: 2F
1-1: Ground out 4-3 (Groundball, 4)
Bottom of the 7th over - 0 run(s), 1 hit(s), 1 error(s), 2 left on base; Madison 3 - Greenville 2
TOP OF THE 8TH
Madison Bombers batting - Pitching for Greenville 84s : RHP Pierre Deschênes
Now at 1B: Carlos Torres
Now at 2B: Enzo Díaz
Batting: RHB Vicente Aguirre 0-0: Called Strike
0-1: Ball
1-1: Swinging Strike
1-2: Ball
2-2: Ball
3-2: Foul Ball, location: 2F
3-2: Foul Ball, location: 2F
3-2: Foul Ball, location: 2F
3-2: Strikes out swinging
Pitching: RHP Dave Johnston
Batting: RHB Sergio Márquez 0-0: Foul Ball, location: 2F
0-1: Foul Ball, location: 2F
0-2: Ball
1-2: Strikes out looking
Batting: LHB Sixto Cantú 0-0: Called Strike
0-1: Ball
1-1: Ball
2-1: Swinging Strike
2-2: Fly out, F9 (Flyball, 9D)
Top of the 8th over - 0 run(s), 0 hit(s), 0 error(s), 0 left on base; Madison 3 - Greenville 2
BOTTOM OF THE 8TH
Greenville 84s batting - Pitching for Madison Bombers : LHP Tim Wilson
Pitching: RHP Luis Cortéz
Batting: LHB Jimmy Vickers 0-0: Foul Ball, location: 2F
0-1: SINGLE (Line Drive, 7LS)
Pinch Hitting: LHB Paco Rosas 0-0: Called Strike
0-1: Ball
1-1: Called Strike
1-2: SINGLE (Line Drive, 34D)
Jimmy Vickers to second
Batting: LHB Brock Larsen 0-0: Ball
1-0: Ball
2-0: Called Strike
2-1: Ball
3-1: Called Strike
3-2: Fly out, F4 (Line Drive, 4)
Pitching: RHP Gerald Duncan
Batting: LHB Vicente Bueno 0-0: Ball
1-0: Ball
2-0: Ball
3-0: Called Strike
3-1: Base on Balls
Jimmy Vickers to third
Paco Rosas to second
Pitching: RHP Alonso Gallardo
Batting: RHB Greg Handrahan 0-0: Ball
1-0: Fly out, F9 (Flyball, 89M)
Runner from 3rd tags up, SCORES, throw made
Batting: RHB Felipe Rodríguez 0-0: Called Strike
0-1: Fly out, F4 (Popup, 34D)
Bottom of the 8th over - 1 run(s), 2 hit(s), 0 error(s), 2 left on base; Madison 3 - Greenville 3
TOP OF THE 9TH
Madison Bombers batting - Pitching for Greenville 84s : RHP Dave Johnston
Pitching: LHP Francisco Ríos
Now in LF: Paco Rosas
Batting: SHB Michael McDonald 0-0: Ball
1-0: Called Strike
1-1: Fly out, F7 (Flyball, 7M)
Batting: LHB José Santos 0-0: Foul Ball, location: 2F
0-1: Foul Ball, location: 2F
0-2: SINGLE (Groundball, 5D)
Batting: SHB Jorge Flores 0-0: Called Strike
José Santos steals 2nd base
0-1: SINGLE (Groundball, 2R) (infield hit)
José Santos to third
Batting: RHB Pablo Gonzáles 0-0: Called Strike
0-1: Fielders Choice at 2nd, 1-6 (Groundball, 23)
Pinch Hitting: SHB Bob Warren 0-0: Ball
1-0: Ball
2-0: SINGLE (Line Drive, 78M)
José Santos scores
Pablo Gonzáles to second
Batting: LHB Robin Hill 0-0: Called Strike
0-1: Foul Ball, location: 2F
0-2: Fly out, F4 (Popup, 4M)
Top of the 9th over - 1 run(s), 3 hit(s), 0 error(s), 2 left on base; Madison 4 - Greenville 3
BOTTOM OF THE 9TH
Greenville 84s batting - Pitching for Madison Bombers : RHP Alonso Gallardo
Now at 2B: Bailey Ramsey
Batting: RHB Vic Langlois 0-0: Ball
1-0: Foul Ball, location: 2F
1-1: Ball
2-1: Foul Ball, location: 2F
2-2: Strikes out swinging
Batting: RHB Enzo Díaz 0-0: Ball
1-0: Foul Ball, location: 2F
1-1: Swinging Strike
1-2: Foul Ball, location: 2F
1-2: Ball
2-2: Ball
3-2: Ground out 6-3 (Groundball, 6)
Batting: RHB Carlos Torres 0-0: Called Strike
0-1: Ball
1-1: Ball
2-1: Foul Ball, location: 2F
2-2: Ground out 6-3 (Groundball, 6)
Bottom of the 9th over - 0 run(s), 0 hit(s), 0 error(s), 0 left on base; Madison 4 - Greenville 3
This league is powered by Out of the Park Baseball, the baseball management simulation game for PC, Mac and Linux
Tuesday, August 2nd, 2016 - OOTP Baseball 16.8 Build 38